 Dungeon Crawl Stone Soup version 0.18-b1-22-ge198996 (webtiles) character file.

89 wvc the Cudgeler (level 4, 0/33 HPs)
             Began as a Mummy Gladiator on May 4, 2016.
             Slain by an orc wizard
             ... wielding a +0 dagger
              (3 damage)
             ... on level 3 of the Dungeon.
             The game lasted 00:02:34 (1504 turns).

wvc the Cudgeler (Mummy Gladiator)                  Turns: 1504, Time: 00:02:34

Health: 0/33       AC:  6    Str: 18    XL:     4   Next: 31%
Magic:  4/4        EV: 11    Int:  7    God:
Gold:   104        SH:  0    Dex: 15    Spells: 0 memorised, 3 levels left

rFire  x . .     SeeInvis .     a - +0 flail
rCold  + . .     Gourm    .     e - +0 ring mail
rNeg   + + +     Faith    .     (no shield)
rPois  ∞         Spirit   .     c - +0 helmet
rElec  .         Dismiss  .     (no cloak)
rCorr  .         Reflect  .     (no gloves)
SustAt .         Harm     .     (no boots)
MR     .....                    (no amulet)
Stlth  +.........               f - ring of wizardry (curse)
                                b - +2 ring of dexterity

@: not resistant to hostile enchantments, very unstealthy
A: no food or potions, fire vulnerability, cold resistance 1, negative energy
resistance 3, torment resistance, unbreathing
a: no special abilities


You were on level 3 of the Dungeon.
You were not hungry.

You visited 1 branch of the dungeon, and saw 3 of its levels.

You collected 104 gold pieces.

Inventory:

Hand Weapons
 a - a +0 flail (weapon)
Missiles
 d - 3 throwing nets (quivered)
Armour
 c - a +0 helmet (worn)
 e - a +0 ring mail (worn)
Jewellery
 b - a +2 ring of dexterity (left hand)
 f - a cursed ring of wizardry (right hand)
 h - an uncursed ring of wizardry
 j - a cursed ring of loudness {unknown}


   Skills:
 - Level 2.0 Fighting
 + Level 4.2 Maces & Flails
 - Level 1.5 Throwing
 - Level 2.4 Dodging


You had 3 spell levels left.
You didn't know any spells.

Dungeon Overview and Level Annotations

Branches:
Dungeon (3/15)

Altars:
Nemelex Xobeh

Annotations:
D:2 Sigmund


Innate Abilities, Weirdness & Mutations

You do not eat or drink.
Your flesh is vulnerable to fire.
You are immune to poison.
Your flesh is cold resistant.
You are immune to negative energy.
You are immune to unholy pain and torment.
You can survive without breathing.


Message History

The adder bites you. The adder bites you but does no damage.
You thump the adder!
You kill the adder!
A magic dart appears from out of thin air!
The magic dart hits you! Something hits you but does no damage.
You miss something. Something hits you but does no damage.
You miss something.
You hear some strange, mumbled words.
A puff of flame appears from out of thin air!
The puff of flame hits you! The fire burns you terribly!
* * * LOW HITPOINT WARNING * * *
Something hits you.
* * * LOW HITPOINT WARNING * * *
You closely miss something. Something hits you.
* * * LOW HITPOINT WARNING * * *
You miss something. Something hits you.
* * * LOW HITPOINT WARNING * * *
You sock something! Something hits you.
You die...

,,_..%######.#.#####......#######
*⌠.⌠,****#*#..)##....##.###
,,,*** *,..##..†.†......# ****
#...[<...##..(#### *****
#.%.).......###
,,,,***#....##....## ************
,,*,,*,...........# *,,,,,,,,,,*
,,,,,,,....#####.## *,,,,,,,,,,*
,,,,,,,....* #@# *,,,,.,,,,,*
,*,,,,,#..,* #{## *,,,..,,,,,*
,***,*,,,,** #oo# *,,...,,,,,*
,,**,****,,##**#..# *,.(..,,,,,*
,,,<,*****,....#..####...o>,,,,,*
*,,,,,,******#.....#)).....,,,,,*
****,,,,,,,**###.#.........,,,,,*
**,,**,,,,,...##........,,,,,*
***,*****#..####.#######******


You could see 2 orcs.

Vanquished Creatures
  Jessica (D:2)
  2 adders (D:3)
  3 dart slugs (D:1)
  2 giant geckos (D:1)
  An orc (D:3)
  2 giant cockroaches (D:1)
  2 goblins
  6 hobgoblins
  A jackal (D:3)
  2 quokkas
  4 bats
  A giant newt (D:1)
  7 kobolds
  2 rats
36 creatures vanquished.

Notes
Turn   | Place    | Note
--------------------------------------------------------------
     0 | D:1      | wvc the Mummy Gladiator began the quest for the Orb.
     0 | D:1      | Reached XP level 1. HP: 16/16 MP: 1/1
   129 | D:1      | Reached XP level 2. HP: 19/22 MP: 2/2
   137 | D:1      | Reached skill level 3 in Maces & Flails
   736 | D:1      | Reached XP level 3. HP: 27/27 MP: 3/3
  1202 | D:2      | Noticed Jessica
  1216 | D:2      | Killed Jessica
  1355 | D:2      | Noticed Sigmund
  1389 | D:3      | Reached skill level 4 in Maces & Flails
  1418 | D:3      | Found a sparkling altar of Nemelex Xobeh.
  1433 | D:3      | Reached XP level 4. HP: 31/33 MP: 4/4
  1504 | D:3      | Slain by an orc wizard

Skill      XL: |  1  2  3 |
---------------+----------+-----
Maces & Flails | 3 4 |  4.2
Fighting       | |  2.0
Throwing       | |  1.5
Dodging        | |  2.4

Action                   |  1- 3 |  4- 6 || total
-------------------------+-------+-------++-------
Melee: Flail             |   130 |    24 ||   154
  Use: Scroll            |     2 |       ||     2
Armor: Leather armour    |    16 |       ||    16
       Ring mail         |    49 |    17 ||    66
Dodge: Dodged            |   110 |    11 ||   121
